 Dungeon Crawl Stone Soup version 0.32-a0-871-ge202e49faa (webtiles) character file.

Game seed: 8646369284876779986

125 bmack86 the Chopper (level 4, 0/39 HPs)
             Began as a Minotaur Fighter on Mar 29, 2024.
             Slain by a phantom (4 damage)
             ... on level 5 of the Dungeon.
             The game lasted 00:02:43 (1407 turns).

bmack86 the Chopper (Minotaur Fighter)              Turns: 1407, Time: 00:02:44

Health: 0/39       AC:  8    Str: 23    XL:     4   Next: 82%
Magic:  3/3        EV:  8    Int:  5    God:
Gold:   199        SH:  5    Dex: 15    Spells: 3/3 levels left

rFire   . . .        a - +0 war axe
rCold   . . .        c - +0 buckler
rNeg    . . .        b - +0 scale mail
rPois   .            (helmet restricted)
rElec   .            (no cloak)
rCorr   .            j - +0 pair of gloves
SInv    .            (no boots)
Will    .....        (no amulet) Stlth
                     k - +6 ring of dexterity
HPRegen 0.26/turn    (no ring)
MPRegen 0.08/turn

%: no passive effects
@: on fire, glowing
A: horns 2, retaliatory headbutt
a: no special abilities


You were on level 5 of the Dungeon.
You visited 1 branch of the dungeon, and saw 5 of its levels.

You collected 199 gold pieces.

Inventory:

Hand Weapons
 a - a +0 war axe (weapon)
Armour
 b - a +0 scale mail (worn)
 c - a +0 buckler (worn)
 j - a +0 pair of gloves (worn)
Jewellery
 k - a +6 ring of dexterity (left hand)
Scrolls
 e - a scroll of noise {unknown}
 f - a scroll of poison {unknown}
 g - 4 scrolls of identify {unknown}
 l - a scroll of teleportation {unknown}
 m - 2 scrolls of summoning {unknown}
Potions
 d - a potion of might
 h - 3 potions of magic {unknown}
 i - a potion of enlightenment {unknown}


   Skills:
 - Level 3.6 Fighting
 + Level 5.1 Axes
 - Level 3.6 Armour
 - Level 5.0 Shields


You had 3 spell levels left.
You didn't know any spells.
Your spell library contained the following spells:

 Spells                   Type           Power      Damage    Failure   Level
 Cigotuvi's Dreadful Rot  Necr/Alch/Air  0%         N/A       94%         2
 Ignite Poison            Fire/Alch      0%         N/A       100%        4
 Freezing Cloud           Conj/Ice/Air   0%         6-21      100%        5


Dungeon Overview and Level Annotations

Branches:
Dungeon (6/15)
 Temple: D:4-7

Altars:


Innate Abilities, Weirdness & Mutations

You have a pair of horns on your head.
You reflexively headbutt those who attack you in melee.


Message History

The phantom hits you.
You barely miss the phantom. Your headbutt misses the phantom.
You hit the bombardier beetle. The liquid fire burns you!
The phantom hits you but does no damage.
The bombardier beetle closely misses you.
You furiously retaliate!
You headbutt the bombardier beetle. You barely miss the bombardier beetle.
You headbutt the bombardier beetle.
The bombardier beetle is moderately wounded.
You closely miss the phantom. The liquid fire burns you! The phantom hits you.
You block the phantom's attack.
The bombardier beetle sprays incendiary fluid at you.
The burning spray hits you.
You are covered in liquid fire!
You barely miss the bombardier beetle.
Your headbutt misses the bombardier beetle.
The bombardier beetle is moderately wounded.
You barely miss the phantom. The liquid fire burns you! The phantom hits you.
The bombardier beetle bites you but does no damage.
You barely miss the bombardier beetle. You headbutt the bombardier beetle!
You kill the bombardier beetle!
You barely miss the phantom. The liquid fire burns you! The phantom hits you.
The phantom barely misses you. You furiously retaliate!
You headbutt the phantom!
Your Axes skill increases to level 5!
You shake off some of the fire as you move.
The liquid fire burns you!
* * * LOW HITPOINT WARNING * * *
The phantom hits you.
* * * LOW HITPOINT WARNING * * *
You barely miss the phantom.
The phantom is moderately damaged.
The liquid fire burns you!
* * * LOW HITPOINT WARNING * * *
The phantom hits you.
You die...

.......
.......########
...............
...............
#.............
#..........#
#..........#
#....W@....#
######.....#
##########.....#
#..............#
#..........#####
#..........#
#..........#
#..........#
#..........#


You could see a phantom.

Vanquished Creatures
  A bombardier beetle (D:5)
  An iguana (D:3)
  2 adders
  4 dart slugs
  A ribbon worm (D:2)
  A bat (D:1)
  4 endoplasms
  3 giant cockroaches
  5 goblins
  4 hobgoblins
  5 kobolds
  3 ball pythons
  4 rats
38 creatures vanquished.

Notes
Turn   | Place    | Note
-------+----------+-------------------------------------------
     0 | D:1      | bmack86 the Minotaur Fighter began the quest for the Orb.
     0 | D:1      | Reached XP level 1. HP: 19/19 MP: 0/0
   190 | D:1      | Reached XP level 2. HP: 26/26 MP: 1/1
   575 | D:2      | Found a faded altar of an unknown god.
   583 | D:2      | Reached XP level 3. HP: 31/31 MP: 2/2
   879 | D:2      | Identified the +0 long sword of Objectivity {flame, rC+ rN+
                  | Will++}
  1193 | D:3      | Reached skill level 5 in Shields
  1195 | D:3      | Reached XP level 4. HP: 24/39 MP: 3/3
  1349 | D:3      | You fall into a shaft and drop 3 floors!
  1374 | D:5      | Entered Level 5 of the Dungeon
  1396 | D:5      | Noticed a phantom
  1406 | D:5      | Reached skill level 5 in Axes
  1407 | D:5      | Slain by a phantom

Illustrated notes

Levels and vault maps discovered:
D:1:      mainiacjoe_arrival_reflecting_pool, layout_basic
D:2:      layout_basic, nicolae_ecumenical_pavilion
D:3:      layout_basic, nrook_uturn
D:5:      layout_basic
D:6:      layout_basic, minmay_misc_feat_columns

Skill      XL: |  1  2  3  4 |
---------------+-------------+-----
Shields        | 4 5 |  5.0
Axes           | 3 4 5 |  5.1
Fighting       | |  3.6
Armour         | |  3.6

Action                     |  1- 3 |  4- 6 || total
---------------------------+-------+-------++-------
  Melee: War axe           |    50 |    11 ||    61
         Headbutt          |     5 |     2 ||     7
 Armour: Scale mail        |    43 |    15 ||    58
  Dodge: Dodged            |    22 |     4 ||    26
  Block: Buckler           |     7 |     5 ||    12

Table legend: (Time is in decaauts)
 A = Elapsed time spent in this place.
 B = Non-inter-level travel time spent in this place.
 C = Inter-level travel time spent in this place.
 D = Time resting spent in this place.
 E = Time spent auto-exploring this place.
 F = Levels seen in this place.
 G = Mean time per level.
                   A        B        C        D        E       F      G
               +--------+--------+--------+--------+--------+-----+--------+
         Total |   1428 |   1384 |     44 |      0 |   1012 |   5 |  285.6 |
       Dungeon |   1428 |   1384 |     44 |      0 |   1012 |   5 |  285.6 |
               +--------+--------+--------+--------+--------+-----+--------+

Top non-repeatable levels by time:
     D:2: 600 daAuts
     D:1: 586 daAuts
     D:3: 181 daAuts
     D:5: 34 daAuts
     D:6: 24 daAuts
